 Dungeon Crawl Stone Soup version 0.28-a0-823-gb444dcf96d (webtiles) character file.

Game seed: 6848800515509734240

28 horus123 the Slasher (level 3, -9/28 HPs)
             Began as a Human Gladiator on Nov 10, 2021.
             Was a Believer of Lugonu.
             Mangled by a gnoll (14 damage)
             ... on level 2 of the Dungeon.
             The game lasted 00:03:06 (1552 turns).

horus123 the Slasher (Human Gladiator)              Turns: 1552, Time: 00:03:07

Health: -9/28      AC:  4    Str: 14    XL:     3   Next: 30%
Magic:  3/3        EV: 12    Int:  9    God:    Lugonu [**....]
Gold:   40         SH:  0    Dex: 14    Spells: 2/2 levels left

rFire   . . .      SeeInvis .   a - +0 long sword
rCold   . . .      Faith    .   (no shield)
rNeg    . . .      Spirit   .   b - +0 leather armour
rPois   +          Reflect  .   c - +0 helmet
rElec   .          Harm     .   (no cloak)
rCorr   .          Rampage  .   (no gloves)
Will    .....                   (no boots)
Stlth   +.........              (no amulet)
HPRegen 0.09/turn               h - ring of poison resistance
MPRegen 0.08/turn               (no ring)

@: no status effects
A: no striking features
a: Renounce Religion, Depart the Abyss, Bend Space


You were on level 2 of the Dungeon.
You worshipped Lugonu.
Lugonu was pleased with you.
You visited 1 branch of the dungeon, and saw 2 of its levels.

You collected 40 gold pieces.

Inventory:

Hand Weapons
 a - a +0 long sword (weapon)
Missiles
 d - 3 throwing nets
Armour
 b - a +0 leather armour (worn)
 c - a +0 helmet (worn)
Magical Staves
 e - a staff of air
Jewellery
 h - a ring of poison resistance (left hand)
Potions
 g - a potion of resistance


   Skills:
 + Level 2.4 Fighting
 + Level 3.4 Long Blades
 + Level 2.0 Throwing
 + Level 0.3 Armour
 + Level 3.2 Dodging
 + Level 0.1 Stealth
 * Level 1.0 Invocations


You had 2 spell levels left.
You didn't know any spells.
Your spell library contained the following spells:

 Spells                   Type           Power      Damage    Failure   Level
 Animate Skeleton         Necr           0%         N/A       45%         1
 Apportation              Tloc           0%         N/A       45%         1
 Summon Small Mammal      Summ           0%         N/A       45%         1


Dungeon Overview and Level Annotations

Branches:
Dungeon (2/15)

Altars:
Ashenzari
Lugonu


Message History

The gnoll completely misses you.
You hit the gnoll but do no damage. The gnoll barely misses you.
The gnoll closely misses you. The gnoll barely misses you.
The gnoll throws a stone.
The stone hits you.
It was a potion of resistance.
You feel protected. The gnoll closely misses you.
You hit the gnoll.
The gnoll is lightly wounded.
The gnoll hits you with a +0 club.
The gnoll hits you from afar with a +0 spear!
The gnoll hits you from afar with a +0 halberd.
The gnoll hits you with a +0 club.
* * * LOW HITPOINT WARNING * * *
You feel much better. The gnoll hits you but does no damage.
The gnoll hits you from afar with a +0 halberd.
The gnoll hits you but does no damage.
Found a scroll of magic mapping.
Found a broken altar of Ashenzari.
Found a stone staircase leading down.
Found 8 gold pieces.
The gnoll throws a stone.
The stone barely misses you.
The gnoll throws a stone.
The stone hits you but does no damage.
Found 13 gold pieces.
You start to feel less resistant.
You see here 13 gold pieces.
Your resistance to elements expires.
A bat and a gnoll come into view.
The gnoll shouts!
You hear a shout!
The bat hits you but does no damage. The gnoll hits you with a +0 halberd!
A gnoll comes into view. It is wielding a +0 halberd.
You barely miss the bat. The bat hits you but does no damage.
The gnoll hits you from afar with a +0 halberd!
Ouch! That really hurt!
* * * LOW HITPOINT WARNING * * *
The gnoll misses you. The bat hits you but does no damage.
The gnoll hits you from afar with a +0 halberd!
Ouch! That really hurt!
You die...

.......# .......#
## ....g..# #..
..._..## #.#
......### #.#
......g.# #.#
...###..# ###.# ...
#..# #.gb###
...###..# #g@.#
........# #.#.#
...###.########g#.#
# #...g..g...#.#
############.# ..
##


You could see 3 gnolls and a bat.

Vanquished Creatures
  A worm (D:2)
  2 bats (D:1)
  An endoplasm (D:1)
  7 goblins (D:1)
  3 hobgoblins (D:1)
  2 quokkas (D:1)
  A ball python (D:2)
  4 frilled lizards
  2 kobolds (D:1)
  A rat (D:1)
24 creatures vanquished.

Notes
Turn   | Place    | Note
-------+----------+-------------------------------------------
     0 | D:1      | horus123 the Human Gladiator began the quest for the Orb.
     0 | D:1      | Reached XP level 1. HP: 16/16 MP: 1/1
   558 | D:1      | Found a faded altar of an unknown god.
   561 | D:1      | Prayed at the altar of an unknown god.
   561 | D:1      | Became a worshipper of Lugonu the Unformed
   561 | D:1      | Reached * piety under Lugonu
   561 | D:1      | Reached ** piety under Lugonu
   603 | D:1      | Reached XP level 2. HP: 21/22 MP: 2/2
  1111 | D:1      | Reached XP level 3. HP: 28/28 MP: 3/3
  1487 | D:2      | Reached skill level 1 in Invocations
  1526 | D:2      | Found a broken altar of Ashenzari.
  1552 | D:2      | Mangled by a gnoll

Illustrated notes

Levels and vault maps discovered:
D:1:      nicolae_arrival_memento_mori, layout_basic, serial_glass,
          glass_columns_a, glass_columns_b, glass_columns_a, glass_columns_a,
          glass_columns_a, hellmonk_ecumenical_altar_inner_sanctum,
          hangedman_glass_teeth, st_stairs_10, minmay_misc_feat_tiny
D:2:      layout_basic, basic_altar

Skill      XL: |  1  2  3 |
---------------+----------+-----
Invocations    | 1 |  1.0
Fighting       | |  2.4
Long Blades    | |  3.4
Throwing       | |  2.0
Armour         | |  0.3
Dodging        | |  3.2
Stealth        | |  0.1

Action                   || total
-------------------------++-------
Melee: Long sword        ||    69
  Use: Scroll            ||     4
       Potion            ||     2
 Stab: Sleeping          ||     1
Armor: Leather armour    ||    21
Dodge: Dodged            ||    61

Table legend: (Time is in decaauts)
 A = Elapsed time spent in this place.
 B = Non-inter-level travel time spent in this place.
 C = Inter-level travel time spent in this place.
 D = Time resting spent in this place.
 E = Time spent auto-exploring this place.
 F = Levels seen in this place.
 G = Mean time per level.
                   A        B        C        D        E       F      G
               +--------+--------+--------+--------+--------+-----+--------+
         Total |   1567 |   1533 |     34 |    400 |    846 |   2 |  783.5 |
       Dungeon |   1567 |   1533 |     34 |    400 |    846 |   2 |  783.5 |
               +--------+--------+--------+--------+--------+-----+--------+

Top non-repeatable levels by time:
     D:1: 1359 daAuts
     D:2: 208 daAuts
